[Event "*** Titled Tuesday Blitz"]
[Site "Chess.com"]
[Date "2018.07.03"]
[Round "1"]
[White "jacky72"]
[Black "arctic_t00"]
[Result "1-0"]
[WhiteElo "2625"]
[BlackElo "2302"]
[TimeControl "180+2"]
[EndTime "13:01:46 PDT"]
[Termination "jacky72 won by resignation"]

1. d4 Nf6 2. c4 g6 3. Nc3 Bg7 4. e4 d6 5. Be2 O-O 6. Bg5 c5 7.
d5 b5 8. cxb5 a6 9. a4 Qa5 10.
Bd2 Nbd7 11. Nf3 Qxb5 12. axb5 1-0

[Event "*** Titled Tuesday Blitz"]
[Site "Chess.com"]
[Date "2018.07.03"]
[Round "1"]
[White "Mikhail_Golubev"]
[Black "platy3"]
[Result "0-1"]
[WhiteElo "2384"]
[BlackElo "2725"]
[TimeControl "180+2"]
[EndTime "13:02:24 PDT"]
[Termination "platy3 won by checkmate"]

1. e4 c5 2. Nf3 Nc6 3. Nc3 Nf6 4. Bb5 Nd4 5. e5 Nxb5 6. Nxb5 Nd5 7. Ng5 f6 8. exf6 Nxf6 9. O-O h6 10. Ne4 Qb6 11.
Nxf6+ gxf6 12. Qh5+ Kd8 13. c4 d6 14. a4 Bd7 15. a5 Qc6 16. Nc3 Rg8 17. Qf7 Qxg2# 0-1

[Event "*** Titled Tuesday Blitz"]
[Site "Chess.com"]
[Date "2018.07.03"]
[Round "1"]
[White "Rock700chess"]
[Black "Joel1285"]
[Result "1-0"]
[WhiteElo "2465"]
[BlackElo "1758"]
[TimeControl "180+2"]
[EndTime "13:02:51 PDT"]
[Termination "Rock700chess won by resignation"]

1. d4 Nf6 2. c4 e6 3. Nc3 Bb4 4. f3 d5 5. a3 Bxc3+ 6. bxc3 O-O 7. cxd5 exd5 8. e3 b6 9. Bd3 Ba6 10. Ne2 Bxd3 11. Qxd3 Re8 12. O-O Qe7 13. Ng3 g6 14.
Ra2 Nbd7 15. Re2 Rad8 16. e4 dxe4 17. fxe4 c6 18. Bg5 Qe6 19. Qf3 Qc4 20. Bxf6 Nxf6 21. Qxf6 1-0

[Event "*** Titled Tuesday Blitz"]
[Site "Chess.com"]
[Date "2018.07.03"]
[Round "1"]
[White "Robin-Side"]
[Black "Karina_Oparina"]
[Result "0-1"]
[WhiteElo "2492"]
[BlackElo "2218"]
[TimeControl "180+2"]
[EndTime "13:02:54 PDT"]
[Termination "Karina_Oparina won by resignation"]

1. e4 c6 2. Nf3 d5 3. Nc3 Bg4 4.
h3 Bxf3 5. Qxf3 e6 6. d3 Nf6 7. g4 Nbd7 8. g5 Ng8 9. h4 Bb4 10.
Bd2 Ne7 11. O-O-O d4 12. Nb1 Qa5 13. a3 Bxd2+ 14. Nxd2 Ne5 15. Qg3 O-O-O 16. Nb3 Qc7 17. Nxd4 Rxd4 18. c3 Rd7 19. d4 N5g6 20. e5 Nf5 21. Qg4 Rhd8 22. Bd3 Nxe5 0-1

[Event "*** Titled Tuesday Blitz"]
[Site "Chess.com"]
[Date "2018.07.03"]
[Round "1"]
[White "andrzej"]
[Black "ftorodent"]
[Result "1-0"]
[WhiteElo "2195"]
[BlackElo "2469"]
[TimeControl "180+2"]
[EndTime "13:03:33 PDT"]
[Termination "andrzej won by resignation"]

1. e4 c5 2. Nf3 e6 3. d4 cxd4 4. Nxd4 a6 5. Nc3 b5 6. a3 Bb7 7.
g3 d6 8. Bg2 Nf6 9. O-O Qc7 10.
Be3 Be7 11. f4 O-O 12. g4 Nc6 13. g5 Nd7 14. Qh5 Nxd4 15. Bxd4 Rfe8 16. Rf3 g6 17.
Qxh7+ 1-0

[Event "*** Titled Tuesday Blitz"]
[Site "Chess.com"]
[Date "2018.07.03"]
[Round "1"]
[White "Gajuchess"]
[Black "saraswathii"]
[Result "1-0"]
[WhiteElo "2618"]
[BlackElo "2299"]
[TimeControl "180+2"]
[EndTime "13:03:48 PDT"]
[Termination "Gajuchess won by resignation"]

1. Nf3 Nc6 2. d4 d5 3. Bf4 Bf5 4. a3 e6 5. e3 Bd6 6. Bg3 a6 7. c4 Nf6 8. Nc3 Bxg3 9. hxg3 Qd7 10. Be2 O-O-O 11. c5 Ne4 12. Qa4 e5 13. Bxa6 exd4 14.
Bb5 Qe6 15. Nxd4 Nxc5 16. Qa8+ Kd7 17. Nxe6 Rxa8 18. Nxc5+ 1-0

[Event "*** Titled Tuesday Blitz"]
[Site "Chess.com"]
[Date "2018.07.03"]
[Round "1"]
[White "nurmiTV"]
[Black "Leo_C"]
[Result "1-0"]
[WhiteElo "2517"]
[BlackElo "2156"]
[TimeControl "180+2"]
[EndTime "13:03:52 PDT"]
[Termination "nurmiTV won by resignation"]

1. c4 e6 2. Nc3 d5 3. e3 Nf6 4. Nf3 c6 5. b3 Bd6 6. Bb2 O-O 7. Be2 e5 8. d4 e4 9. Nd2 a6 10. O-O Re8 11. Qc1 Bf5 12. Ba3 Qe7 13. Bxd6 Qxd6 14.
h3 Nbd7 15. a4 Bg6 16. a5 Re6 17. Qa3 Ne8 18. Rfc1 f5 19. cxd5 Qxd5 20. Nxd5 1-0

[Event "*** Titled Tuesday Blitz"]
[Site "Chess.com"]
[Date "2018.07.03"]
[Round "1"]
[White "ChessMavenYeti"]
[Black "canwedoit"]
[Result "0-1"]
[WhiteElo "2209"]
[BlackElo "2545"]
[TimeControl "180+2"]
[EndTime "13:04:05 PDT"]
[Termination "canwedoit won by checkmate"]

1. Nf3 d5 2. g3 Nf6 3. Bg2 Bg4 4. O-O c6 5. c4 e6 6. Qb3 Qb6 7. cxd5 exd5 8. Qc2 Nbd7 9. h3 Bh5 10. d3 Bd6 11. Be3 Qd8 12. Nd4 Bg6 13. Nc3 O-O 14. Nf3 Re8 15.
Nh4 Bxg3 16. Nxg6 hxg6 17. Bxa7 Be5 18. Be3 d4 19. Bxd4 Bxd4 20. e3 Bxc3 21. bxc3 Ra5 22. c4 Rg5 23. Kh1 Qc7 24. f4 Rh5 25. e4 g5 26. f5 Ng4 27. Qe2 Qh2# 0-1

[Event "*** Titled Tuesday Blitz"]
[Site "Chess.com"]
[Date "2018.07.03"]
[Round "1"]
[White "mukhin1"]
[Black "EndgameGrinder"]
[Result "1-0"]
[WhiteElo "2920"]
[BlackElo "2452"]
[TimeControl "180+2"]
[EndTime "13:04:22 PDT"]
[Termination "mukhin1 won by resignation"]

1. e4 c5 2. Nc3 e6 3. Nf3 Nc6 4. d4 cxd4 5. Nxd4 Qc7 6. g3 a6 7.
Bg2 Nf6 8. O-O Nxd4 9. Qxd4 Bc5 10. Bf4 d6 11. Qd2 h6 12. Rad1 e5 13. Be3 Be6 14. Rfe1 O-O 15. Bxc5 dxc5 16. Qd6 Rac8 17. a4 Qxd6 18. Rxd6 Rfd8 19. Red1 Rd7 20. Rxd7 Nxd7 21. a5 Kf8 22. f4 f6 23. f5 Ke7 24. fxe6 Kxe6 25.
Bh3+ 1-0

[Event "*** Titled Tuesday Blitz"]
[Site "Chess.com"]
[Date "2018.07.03"]
[Round "1"]
[White "26andrej26"]
[Black "dretch"]
[Result "0-1"]
[WhiteElo "2405"]
[BlackElo "2749"]
[TimeControl "180+2"]
[EndTime "13:04:48 PDT"]
[Termination "dretch won by resignation"]

1. e4 e6 2. d4 d5 3. Nc3 Nf6 4. e5 Nfd7 5. f4 c5 6. Nf3 Nc6 7. Be3 cxd4 8. Nxd4 Bc5 9. Qd2 O-O 10. O-O-O a6 11. Qf2 Bxd4 12. Bxd4 b5 13. Bd3 b4 14. Ne2 a5 15. Bb5 Qc7 16. h4 Ba6 17. Ba4 Rfc8 18. h5 Bxe2 19. Qxe2 Nxd4 20. Rxd4 Nc5 21. Bb5 b3 22.
Kb1 bxa2+ 23. Kxa2 Qb6 24. Ba4 Rab8 25. b3 Nxb3 26.
cxb3 Qxd4 27. Rd1 Qxf4 0-1

[Event "*** Titled Tuesday Blitz"]
[Site "Chess.com"]
[Date "2018.07.03"]
[Round "1"]
[White "Keranke"]
[Black "PrinceMurad09"]
[Result "1-0"]
[WhiteElo "2759"]
[BlackElo "2411"]
[TimeControl "180+2"]
[EndTime "13:05:03 PDT"]
[Termination "Keranke won by resignation"]

1. d4 Nf6 2. c4 g6 3. g3 Bg7 4. Bg2 O-O 5. Nc3 d6 6. Nf3 Nbd7 7.
O-O e5 8. e4 exd4 9. Nxd4 Nc5 10. Re1 a5 11. h3 Re8 12. Bg5 c6 13. Qd2 Qb6 14. Rad1 Nfd7 15. Be3 Qa6 16. b3 a4 17. b4 Ne6 18. Nxe6 Rxe6 19. b5 Qa5 20. Ne2 Qxd2 21.
Rxd2 Ne5 22. Rc1 Bd7 23. Nf4 Ree8 24. bxc6 Bxc6 25. Rxd6 Bf8 26. Rdd1 Ba3 27. Rc2 Red8 28. Nd5 Rac8 29. Bb6 Bxd5 30. Bxd8 Bxc4 31. Bf6 1-0

[Event "*** Titled Tuesday Blitz"]
[Site "Chess.com"]
[Date "2018.07.03"]
[Round "1"]
[White "pouya21"]
[Black "Roachelley"]
[Result "1-0"]
[WhiteElo "2635"]
[BlackElo "2303"]
[TimeControl "180+2"]
[EndTime "13:05:04 PDT"]
[Termination "pouya21 won by resignation"]

1. e4 c5 2. Nf3 d6 3. d4 cxd4 4. Qxd4 a6 5. h3 Nc6 6. Qe3 g6 7. c4 Bg7 8. Be2 Nf6 9. O-O O-O 10. Nc3 Bd7 11. Rd1 Rc8 12. Rb1 Qa5 13. c5 Ne8 14. cxd6 Nxd6 15. Bd2 Qd8 16. Nd5 Ne5 17. Bb4 Nxf3+ 18. Qxf3 Rc6 19. Qa3 Re8 20. Nxe7+ Qxe7 21. Bxd6 Qe6 22. Bg4 f5 23. exf5 gxf5 24. Bf3 1-0

[Event "*** Titled Tuesday Blitz"]
[Site "Chess.com"]
[Date "2018.07.03"]
[Round "1"]
[White "Mbneu"]
[Black "lupta_robin"]
[Result "0-1"]
[WhiteElo "2220"]
[BlackElo "2569"]
[TimeControl "180+2"]
[EndTime "13:05:22 PDT"]
[Termination "lupta_robin won by resignation"]

1. d4 Nf6 2. c4 g6 3. Nc3 d5 4. cxd5 Nxd5 5. g3 Bg7 6. Bg2 Nb6 7. Nf3 O-O 8. O-O N8d7 9. e4 c5 10. d5 Ne5 11. Bf4 Nxf3+ 12. Bxf3 Nc4 13. Qe2 Ne5 14. Bg2 a6 15. Rad1 b5 16. Bc1 b4 17.
Nb1 a5 18. Rfe1 Ba6 19. Qe3 c4 20. h3 Nd3 21. Rxd3 cxd3 22. f4 Rc8 23. e5 Rc2 24. Nd2 Qc7 25. Ne4 h6 26. d6 exd6 27. Nxd6 Qc5 28.
Qxc5 Rxc5 29. Be3 Rc2 30. Bd5 Rxb2 31. Rd1 a4 32. Bc5 d2 33. Nc4 Bxc4 34. Bxc4 Rc8 35. Bd4 Rxc4 36. Bxb2 Rc2 0-1

[Event "*** Titled Tuesday Blitz"]
[Site "Chess.com"]
[Date "2018.07.03"]
[Round "1"]
[White "Godzillator"]
[Black "Margency"]
[Result "0-1"]
[WhiteElo "2323"]
[BlackElo "2651"]
[TimeControl "180+2"]
[EndTime "13:05:23 PDT"]
[Termination "Margency won by resignation"]

1. d4 Nf6 2. c4 g6 3. Nc3 Bg7 4.
e4 d6 5. Be2 O-O 6. Bg5 Na6 7.
f4 c6 8. Bf3 Nc7 9. Qd2 Ne6 10.
Bh4 Nd7 11. Nge2 c5 12. d5 Nd4 13. Nxd4 cxd4 14. Ne2 Qb6 15. Bf2 Qa6 16. Bxd4 Qxc4 17. Bxg7 Kxg7 18. O-O a5 19. Qd4+ Qxd4+ 20. Nxd4 Nc5 21.
Rac1 Bd7 22. Nb3 b6 23. Nd4 Rfc8 24. Rc3 Na4 25. Rxc8 Rxc8 26. b3 Nc3 27. a4 Rc5 28. Rc1 Nxe4 29. Rxc5 Nxc5 30. Kf2 e5 31. fxe5 dxe5 32.
Nc6 Kf6 33. Bd1 Bxc6 34. dxc6 Ke6 35. Be2 Kd6 36. Bb5 Nxb3 37. Ke3 Nd4 38. g4 f5 39. g5 Nxb5 40. axb5 a4 0-1

[Event "*** Titled Tuesday Blitz"]
[Site "Chess.com"]
[Date "2018.07.03"]
[Round "1"]
[White "champ2005"]
[Black "oskariot"]
[Result "1-0"]
[WhiteElo "2706"]
[BlackElo "2377"]
[TimeControl "180+2"]
[EndTime "13:05:32 PDT"]
[Termination "champ2005 won by resignation"]

1. e4 d6 2. d4 Nf6 3. Nc3 g6 4. f4 Bg7 5. Nf3 c5 6. d5 O-O 7. Be2 b5 8. e5 dxe5 9. fxe5 Ng4 10. Bxb5 Nxe5 11. Nxe5 Bxe5 12. O-O Qc7 13. h3 Bd7 14.
Bxd7 Nxd7 15. Bh6 Rfe8 16. Qf3 Nf6 17. Rad1 Rad8 18. g4 Bd4+ 19. Kg2 e6 20. Nb5 Qb6 21. Nxd4 exd5 22. Qxf6 Qxf6 23. Rxf6 cxd4 24. Rxd4 1-0

[Event "*** Titled Tuesday Blitz"]
[Site "Chess.com"]
[Date "2018.07.03"]
[Round "1"]
[White "volodja49"]
[Black "FairChess_on_YouTube"]
[Result "1/2-1/2"]
[WhiteElo "2462"]
[BlackElo "2928"]
[TimeControl "180+2"]
[EndTime "13:05:43 PDT"]
[Termination "Game drawn by agreement"]

1. d4 Nf6 2. c4 e6 3. Nf3 b6 4. g3 Bb7 5. Bg2 g6 6. O-O Bg7 7. Nc3 Ne4 8. Qc2 Nxc3 9. Qxc3 O-O 10. b3 c5 11. Bb2 Bxf3 12. Qxf3 Nc6 13. e3 Rc8 14.
Rfd1 Qe7 15. Qe2 cxd4 16. Bxc6 dxc6 17. Bxd4 e5 18. Bc3 f5 19. Rd2 Rfd8 20. Rad1 Rxd2 21. Qxd2 Kf7 22. Qd7 Rc7 23. Qxe7+ Kxe7 24. Kf1 Rd7 25. Rxd7+ Kxd7 26. f3 Ke6 27. e4 fxe4 28. fxe4 Bf8 29. Ke2 Bc5 30. a4 Bd4 31. Bb4 Bc5 32. Bc3 a5 33. Kf3 h5 34. h3 Be7 35. g4 c5 36. Bd2 Kf7 37. Kg3 h4+ 38. Kf3 g5 1/2-1/2

[Event "*** Titled Tuesday Blitz"]
[Site "Chess.com"]
[Date "2018.07.03"]
[Round "1"]
[White "kuli4ik"]
[Black "dolynachess"]
[Result "1-0"]
[WhiteElo "2744"]
[BlackElo "2404"]
[TimeControl "180+2"]
[EndTime "13:05:49 PDT"]
[Termination "kuli4ik won by resignation"]

1. d4 Nf6 2. Bg5 c5 3. d5 d6 4.
Nc3 g6 5. e4 Bg7 6. h3 O-O 7.
Nf3 e6 8. Bc4 h6 9. Be3 e5 10.
g4 Nxe4 11. Nxe4 f5 12. gxf5 gxf5 13. Nxc5 Qa5+ 14. c3 dxc5 15. d6+ Kh8 16. Nxe5 Bxe5 17. Qh5 Bxc3+ 18. Kf1 Bg7 19. Bxh6 1-0

[Event "*** Titled Tuesday Blitz"]
[Site "Chess.com"]
[Date "2018.07.03"]
[Round "1"]
[White "timator"]
[Black "MITerryble"]
[Result "0-1"]
[WhiteElo "2335"]
[BlackElo "2674"]
[TimeControl "180+2"]
[EndTime "13:05:52 PDT"]
[Termination "MITerryble won by resignation"]

1. Nf3 Nf6 2. g3 d5 3. Bg2 c6 4. O-O Bg4 5. d4 Nbd7 6. h3 Bh5 7. c3 e6 8. Bf4 Qb6 9. Qb3 Be7 10.
Nbd2 O-O 11. Rfe1 c5 12. e3 h6 13. g4 Bg6 14. Ne5 Nxe5 15. Bxe5 Nd7 16. Bg3 Rac8 17. Qxb6 Nxb6 18. Rac1 Na4 19. b3 Nb2 20. Bf1 Nd3 21.
Bxd3 Bxd3 22. dxc5 Bxc5 23. b4 Be7 24. Nb3 b6 25.
Nd4 Rc4 26. Red1 Bg6 27. Nb5 a6 28. Na3 Rc6 29. f3 Rfc8 30. Be1 Bxb4 0-1

[Event "*** Titled Tuesday Blitz"]
[Site "Chess.com"]
[Date "2018.07.03"]
[Round "1"]
[White "Max_Schachmann"]
[Black "Vamostodorecto"]
[Result "1-0"]
[WhiteElo "2674"]
[BlackElo "2347"]
[TimeControl "180+2"]
[EndTime "13:05:54 PDT"]
[Termination "Max_Schachmann won by resignation"]

1. e4 e5 2. Nf3 Nc6 3. Nc3 Nf6 4. d4 exd4 5. Nxd4 Bb4 6. Nxc6 bxc6 7. Bd3 d5 8. exd5 cxd5 9. O-O O-O 10. h3 c6 11. Qf3 Bd6 12. Bf4 Rb8 13. b3 Rb4 14. Ne2 c5 15. c3 Rb6 16. Rad1 Bb7 17. Bxd6 Qxd6 18. Qf4 Qc6 19. Qg3 a5 20. Rfe1 a4 21.
Bc2 a3 22. Nf4 Rd8 23. Re5 d4 24. c4 Qd6 25. Rde1 Bc6 26. h4 Rbb8 27. h5 h6 28. Nd3 Nd7 29. Re8+ Rxe8 30. Qxd6 Rxe1+ 31. Nxe1 1-0

[Event "*** Titled Tuesday Blitz"]
[Site "Chess.com"]
[Date "2018.07.03"]
[Round "1"]
[White "simplerXiao"]
[Black "VovenRogel"]
[Result "0-1"]
[WhiteElo "2368"]
[BlackElo "2697"]
[TimeControl "180+2"]
[EndTime "13:06:04 PDT"]
[Termination "VovenRogel won by resignation"]

1. e4 e5 2. Nc3 Nc6 3. g3 Nf6 4. Bg2 Bc5 5. Nge2 O-O 6. O-O a6 7.
d3 d6 8. Bg5 h6 9. Be3 Bxe3 10.
fxe3 Ng4 11. Qd2 Be6 12. Rae1 Qg5 13. Nd5 Bxd5 14. exd5 Ne7 15. Nc3 f5 16. Qe2 Ng6 17. Bh3 h5 18. Bg2 h4 19. Qf3 Rae8 20. e4 f4 21. h3 Ne3 22. g4 Nxc2 23. Rc1 Nd4 24. Qf2 f3 25. Bh1 Nf4 26. Qh2 Nfe2+ 27. Kf2 Nxc1 0-1

[Event "*** Titled Tuesday Blitz"]
[Site "Chess.com"]
[Date "2018.07.03"]
[Round "1"]
[White "Martins-BR"]
[Black "Drags95"]
[Result "1-0"]
[WhiteElo "2327"]
[BlackElo "2626"]
[TimeControl "180+2"]
[EndTime "13:06:05 PDT"]
[Termination "Martins-BR won by checkmate"]

1. e4 c5 2. Nf3 d6 3. d4 cxd4 4. Nxd4 Nf6 5. Nc3 a6 6. Bg5 e6 7.
f4 Be7 8. Qf3 Qc7 9. O-O-O b5 10. Bxf6 gxf6 11. e5 Bb7 12. Qh5 dxe5 13. Nxe6 Qb6 14.
Ng7+ Kf8 15. Nf5 h6 16. fxe5 b4 17. Nd5 Bxd5 18. Rxd5 Nc6 19. Bc4 fxe5 20. Rd7 Rh7 21. Rf1 Qc5 22. b3 Bg5+ 23. Kb1 Nd8 24. Nd6 f6 25. Qe8# 1-0

[Event "*** Titled Tuesday Blitz"]
[Site "Chess.com"]
[Date "2018.07.03"]
[Round "1"]
[White "BillForster"]
[Black "djogrodek1"]
[Result "0-1"]
[WhiteElo "1706"]
[BlackElo "2459"]
[TimeControl "180+2"]
[EndTime "13:06:06 PDT"]
[Termination "djogrodek1 won by resignation"]

1. d4 Nf6 2. c4 e6 3. g3 d5 4. Bg2 Be7 5. Nf3 O-O 6. O-O dxc4 7. Qa4 a6 8. Qxc4 b5 9. Qc2 Bb7 10. Nc3 Nbd7 11. Bf4 c5 12. Rfd1 Qb6 13. Rac1 Rac8 14.
dxc5 Nxc5 15. Qb1 b4 16. Be5 bxc3 17. Bxc3 Nce4 18. Bd4 Qa5 19. Ne5 Rfd8 20. f3 Rxc1 21. Qxc1 Rxd4 22. Rxd4 Bc5 0-1

[Event "*** Titled Tuesday Blitz"]
[Site "Chess.com"]
[Date "2018.07.03"]
[Round "1"]
[White "PowerThinking2650"]
[Black "MikaelyanArman"]
[Result "1-0"]
[WhiteElo "2313"]
[BlackElo "2597"]
[TimeControl "180+2"]
[EndTime "13:06:09 PDT"]
[Termination "PowerThinking2650 won by resignation"]

1. e4 Nf6 2. Nc3 e5 3. Nf3 Nc6 4. d4 exd4 5. Nxd4 Bb4 6. Nxc6 bxc6 7. Bd3 O-O 8. O-O Re8 9. Bg5 h6 10. Bh4 Rb8 11. f4 Be7 12. e5 Nd5 13. Bxe7 Qxe7 14. Nxd5 cxd5 15. b3 d6 16. exd6 Qxd6 17. Qf3 Bb7 18. Qh3 d4 19. Qf5 g6 20. Qh3 h5 21. f5 Re3 22. Qh4 Qd5 23. Rf2 Rbe8 24.
Raf1 Re1 25. fxg6 Rxf1+ 26. Bxf1 fxg6 27. Bc4 Re1+ 28. Rf1 Rxf1+ 29. Kxf1 Ba6 30. Qd8+ 1-0

[Event "*** Titled Tuesday Blitz"]
[Site "Chess.com"]
[Date "2018.07.03"]
[Round "1"]
[White "NguyenDucHoa"]
[Black "racquetball1"]
[Result "1-0"]
[WhiteElo "2494"]
[BlackElo "2054"]
[TimeControl "180+2"]
[EndTime "13:06:12 PDT"]
[Termination "NguyenDucHoa won by resignation"]

1. e4 e5 2. Nf3 Nc6 3. d4 exd4 4. Nxd4 Nf6 5. Nxc6 bxc6 6. Qe2 Bb4+ 7. Bd2 Qe7 8. a3 Bc5 9. Nc3 O-O 10. e5 Nd5 11. Ne4 Re8 12. Nxc5 Qxc5 13. O-O-O Rb8 14. f4 d6 15. Qc4 Qb5 16. Qxb5 cxb5 17. exd6 cxd6 18. Bd3 b4 19. a4 b3 20. Rhe1 Bg4 21. Rxe8+ Rxe8 22. Re1 Rxe1+ 23. Bxe1 bxc2 24. g3 h5 25. Kxc2 Kf8 26.
Be4 Nf6 27. Bc6 Ke7 28. Bf2 a6 29. Bb7 Ne4 30. Bxe4 1-0

[Event "*** Titled Tuesday Blitz"]
[Site "Chess.com"]
[Date "2018.07.03"]
[Round "1"]
[White "AsaHoffmann"]
[Black "tango_argentino"]
[Result "0-1"]
[WhiteElo "2022"]
[BlackElo "2479"]
[TimeControl "180+2"]
[EndTime "13:06:21 PDT"]
[Termination "tango_argentino won by resignation"]

1. d4 Nf6 2. Bg5 Ne4 3. Bf4 c5 4. f3 Nf6 5. dxc5 b6 6. e4 bxc5 7. Nc3 Nc6 8. Bc4 e6 9. Nge2 Be7 10. Bd6 O-O 11. O-O Ne8 12. Bxe7 Qxe7 13. a3 d6 14. Qd2 Rb8 15. Rab1 Ne5 16. Ba2 Ba6 17. Rfd1 Rd8 18. f4 Ng6 19. Ng3 Nc7 20. f5 Ne5 21. Qf4 Kh8 22.
Rd2 g5 23. Qe3 Bc4 24. Rf2 Ng4 25. Qf3 Bxa2 26. Nxa2 Nxf2 27. f6 Qd7 28. Qxf2 Rg8 29. Nc3 Rg6 30. Rf1 Ne8 31. Nh5 Rb8 32. b3 Qd8 33. e5 dxe5 34. Ne4 c4 35. b4 Qd4 36.
Nc5 Qxf2+ 37. Rxf2 Rd8 38. h3 g4 39. hxg4 Rxg4 40. g3 Rg5 41. g4 Rxg4+ 42. Kf1 Rg5 43. Rh2 Rd1+ 44. Ke2 Rdg1 45. Kf2 R1g4 46. Kf3 Rd4 47.
Ne4 Rf5+ 48. Ke3 Nd6 49. Nxd6 Rxd6 50. Ng7 Rf1 51. Ke2 Rf4 52. Ke3 Rdd4 53. c3 Rd3+ 54. Ke2 Rxf6 0-1

[Event "*** Titled Tuesday Blitz"]
[Site "Chess.com"]
[Date "2018.07.03"]
[Round "1"]
[White "rasmussvane"]
[Black "Irochka83"]
[Result "1-0"]
[WhiteElo "2559"]
[BlackElo "2208"]
[TimeControl "180+2"]
[EndTime "13:06:26 PDT"]
[Termination "rasmussvane won by checkmate"]

1. Nf3 c5 2. c4 Nc6 3. Nc3 g6 4.
e3 Nf6 5. d4 cxd4 6. exd4 d5 7.
cxd5 Nxd5 8. Qb3 Nxc3 9. Bc4 Nd5 10. Bxd5 e6 11. Bxc6+ bxc6 12. O-O Qd5 13. Be3 Qxb3 14. axb3 f6 15. Rfc1 Kd7 16. Nd2 Bd6 17. Ne4 Be7 18. Ra4 Bb7 19. Rca1 a6 20. f3 g5 21. Kf2 Bc8 22. Nc5+ Kc7 23. Bd2 Rb8 24. Ba5+ Kd6 25. Bb4 Kd5 26. Nxa6 Bxa6 27. Bxe7 Bb5 28. Ra7 e5 29. Bxf6 Rhf8 30. dxe5 Ke6 31. Rd1 h6 32. Rd6+ Kf5 33. g4+ Kg6 34. Rg7# 1-0

[Event "*** Titled Tuesday Blitz"]
[Site "Chess.com"]
[Date "2018.07.03"]
[Round "1"]
[White "icychess54"]
[Black "grandmastergauri"]
[Result "0-1"]
[WhiteElo "2095"]
[BlackElo "2494"]
[TimeControl "180+2"]
[EndTime "13:06:33 PDT"]
[Termination "grandmastergauri won on time"]

1. c4 Nf6 2. Nf3 b6 3. Nc3 Bb7 4. e3 e6 5. Be2 Be7 6. O-O O-O 7. b3 d5 8. d4 c5 9. Bb2 Nbd7 10. Qc2 Rc8 11. Rfd1 Qc7 12. Rac1 Qb8 13. Ne5 Rfd8 14. Bf3 dxc4 15. Bxb7 Qxb7 16. Nxc4 b5 17. Ne5 cxd4 18. Nxd7 Rxd7 19. Rxd4 Rxd4 20. exd4 b4 21.
Nd5 Rxc2 0-1

[Event "*** Titled Tuesday Blitz"]
[Site "Chess.com"]
[Date "2018.07.03"]
[Round "1"]
[White "pultineviciuspaulius"]
[Black "Arman_Hakemi"]
[Result "1-0"]
[WhiteElo "2603"]
[BlackElo "2281"]
[TimeControl "180+2"]
[EndTime "13:06:38 PDT"]
[Termination "pultineviciuspaulius won by resignation"]

1. d4 Nf6 2. c4 g6 3. Nc3 Bg7 4. e4 d6 5. Nge2 O-O 6. Ng3 c5 7. d5 e6 8. Be2 exd5 9. cxd5 a6 10. a4 h5 11. Bg5 Qc7 12. Qd2 Nbd7 13. O-O Re8 14. Rfe1 Rb8 15. Ra3 Nh7 16. Bh6 Bf6 17. Bxh5 gxh5 18. Nxh5 Qd8 19. Ne2 Rxe4 20. Rg3+ Kh8 21.
Nxf6 Qxf6 22. Bg7+ Qxg7 23. Rxg7 Kxg7 24. Ng3 Rxe1+ 25. Qxe1 Ndf6 26. Qe7 Bd7 27. Qxd6 b5 28.
Qxb8 bxa4 29. Qe5 Kg6 30. h3 Nf8 31. f4 Ne8 32. Qg5+ Kh7 33. Qe7 Kg8 34. Nh5 c4 35. f5 c3 36. bxc3 a3 37. Qxa3 Bxf5 38. Qe7 Bd7 39. c4 a5 40. c5 a4 41. c6 a3 42. cxd7 a2 43. Nf6+ Nxf6 44. Qxf6 Nxd7 45. Qa1 Nb6 46. Qxa2 1-0

[Event "*** Titled Tuesday Blitz"]
[Site "Chess.com"]
[Date "2018.07.03"]
[Round "1"]
[White "dreamist"]
[Black "Sordis"]
[Result "0-1"]
[WhiteElo "2581"]
[BlackElo "2288"]
[TimeControl "180+2"]
[EndTime "13:06:43 PDT"]
[Termination "Sordis won by checkmate"]

1. g3 Nf6 2. Bg2 g6 3. Nf3 Bg7 4. O-O O-O 5. c4 d6 6. Nc3 c6 7. d4 Qa5 8. Bd2 Qh5 9. Re1 Bh3 10. Bh1 e5 11. e4 Bg4 12. d5 cxd5 13. Nxd5 Nxd5 14.
cxd5 Nd7 15. b4 Nb6 16. Qb3 Rfc8 17. Rac1 Bh6 18. Bxh6 Qxh6 19. Rxc8+ Rxc8 20. a4 Rc1 21. a5 Bxf3 22. Bxf3 Rxe1+ 23. Kg2 Nd7 24. Qa4 Nf6 25. Qb5 g5 26. Qxb7 Kg7 27. Qc8 Qg6 28. Qc3 Rxe4 29.
Qc7 g4 30. Bxe4 Qxe4+ 31. Kg1 Qe1+ 32. Kg2 Ne4 33. Qxa7 Nd2 34. h4 Qf1+ 35. Kh2 Nf3# 0-1

[Event "*** Titled Tuesday Blitz"]
[Site "Chess.com"]
[Date "2018.07.03"]
[Round "1"]
[White "LuisFSiles"]
[Black "jk13"]
[Result "0-1"]
[WhiteElo "2211"]
[BlackElo "2561"]
[TimeControl "180+2"]
[EndTime "13:06:52 PDT"]
[Termination "jk13 won by resignation"]

1. e4 e5 2. Nf3 Nc6 3. Bc4 Nf6 4. d3 Bc5 5. O-O O-O 6. c3 d5 7. exd5 Nxd5 8. h3 Bf5 9. Re1 Nb6 10. Bb5 Bd6 11.
d4 exd4 12. Nxd4 Nxd4 13. Qxd4 a6 14. Bf1 Qd7 15. Bf4 Rad8 16. Bxd6 Qxd6 17. Qxd6 Rxd6 18. Na3 Rd2 19. Re5 Be6 20. Re2 Rfd8 21. Rc1 Rxe2 22. Bxe2 Rd2 23. Rc2 Rxc2 24. Nxc2 Bxa2 25. Bf3 Bd5 26.
Bxd5 Nxd5 27. Kf1 Kf8 28. Ke2 Ke7 29. Kd3 Kd6 30. Nd4 g6 31. Nf3 Nf4+ 32. Ke4 Nxg2 33.
Ng5 f6 34. Nxh7 Ke7 35. f4 Nh4 36. Kd5 Nf5 37. Nf8 Kxf8 38. Ke6 Ke8 39. Kxf6 Ne7 40. h4 Kd7 0-1

[Event "*** Titled Tuesday Blitz"]
[Site "Chess.com"]
[Date "2018.07.03"]
[Round "1"]
[White "matiss90"]
[Black "VladimirBelous"]
[Result "0-1"]
[WhiteElo "2358"]
[BlackElo "2680"]
[TimeControl "180+2"]
[EndTime "13:07:05 PDT"]
[Termination "VladimirBelous won by checkmate"]

1. e4 c5 2. Nf3 Nc6 3. d4 cxd4 4. Nxd4 e5 5. Nb5 d6 6. N1c3 a6 7. Na3 b5 8. Nd5 Nge7 9. c4 Nxd5 10. exd5 Nd4 11.
Be3 Nf5 12. Bd2 g6 13. cxb5 Bg7 14. bxa6 O-O 15. Be2 e4 16. Rb1 e3 17. Bxe3 Nxe3 18. fxe3 Qh4+ 19. g3 Qe4 20. O-O Qxe3+ 21. Kg2 Bf5 22.
Rxf5 gxf5 23. Qd3 Qg5 24. b4 Rfe8 25. b5 Re3 26. b6 Rxd3 27. b7 Rxa6 28. b8=Q+ Bf8 29.
Bxd3 Qd2+ 30. Kh3 Rxa3 31. Bxf5 Rxa2 32. Qc8 h5 33. Kh4 Kg7 34. h3 Be7+ 35. Kxh5 Qh6+ 36. Kg4 Qg5+ 37. Kf3 Ra3+ 38. Ke2 Re3+ 39. Kd1 Qxg3 40. Qc2 Qe1# 0-1

[Event "*** Titled Tuesday Blitz"]
[Site "Chess.com"]
[Date "2018.07.03"]
[Round "1"]
[White "ozates"]
[Black "maciek_92"]
[Result "1-0"]
[WhiteElo "2344"]
[BlackElo "2641"]
[TimeControl "180+2"]
[EndTime "13:07:10 PDT"]
[Termination "ozates won by resignation"]

1. e4 e5 2. Nf3 Nc6 3. Bc4 Bc5 4. c3 Nf6 5. d3 O-O 6. O-O d6 7. Bb3 a6 8. Nbd2 Be6 9. Bc2 d5 10. Re1 d4 11. Nf1 h6 12. Ng3 Qd7 13. Nh4 Ne7 14. Nhf5 Bxf5 15. exf5 dxc3 16. bxc3 Ned5 17. Bd2 Rfe8 18.
Qf3 Bb6 19. Bb3 Ba5 20. Ne4 Nxe4 21. dxe4 Nf6 22. Rad1 Qc6 23. g4 Rad8 24. h4 Rxd2 25. Rxd2 Qxc3 26. Qxc3 Bxc3 27. Red1 Bxd2 28. Rxd2 Re7 29.
g5 hxg5 30. hxg5 Nxe4 31. Rd8+ Kh7 32. Bxf7 g6 33. fxg6+ 1-0